 Dungeon Crawl Stone Soup version 0.31-a0-358-gac0dbeb3ab (webtiles) character file.

Game seed: 15731018239989112505

14 Shayle the Ruffian (level 2, 0/23 HPs)
             Began as a Gnoll Shapeshifter on July 26, 2023.
             Slain by a gnoll
             ... wielding a +0 spear
              (9 damage)
             ... on level 1 of the Dungeon.
             The game lasted 00:00:58 (239 turns).

Shayle the Ruffian (Gnoll Shapeshifter)              Turns: 239, Time: 00:00:58

Health: 0/23       AC:  2    Str: 14    XL:     2   Next: 41%
Magic:  2/2        EV: 13    Int:  7    God:
Gold:   25         SH:  0    Dex: 12    Spells: 1/1 levels left

rFire   . .          .
                       - Unarmed
rCold   . . .        (no shield)
rNeg    . . .        a - +0 animal skin
rPois   .            (helmet currently unavailable)
rElec   .            (cloak currently unavailable)
rCorr   .            (gloves currently unavailable)
SInv    .            (boots currently unavailable)
Will    .....        (no amulet)
Stlth   +            (no ring)
HPRegen 0.23/turn    (no ring)
MPRegen 0.08/turn

%: no passive effects
@: beast-form
A: beast (slay +4), fangs 1, strong nose, distributed training
a: Begin Untransformation


You were on level 1 of the Dungeon.
You were a hulking beast.
You visited 1 branch of the dungeon, and saw 1 of its levels.

You collected 25 gold pieces.

Inventory:

Armour
 a - a +0 animal skin (worn)
Talismans
 c - a beast talisman
Scrolls
 e - a scroll of fog {unknown}
 g - a scroll of fear {unknown}
Potions
 b - a potion of lignification
 d - a potion of degeneration {unknown}
 f - a potion of heal wounds {unknown}


   Skills:
 + Level 2.5 Fighting
 + Level 0.4 Short Blades
 + Level 0.4 Long Blades
 + Level 0.4 Axes
 + Level 0.4 Maces & Flails
 + Level 0.4 Polearms
 + Level 0.4 Staves
 + Level 0.4 Ranged Weapons
 + Level 0.4 Throwing
 + Level 0.4 Armour
 + Level 4.5 Dodging
 + Level 0.4 Stealth
 + Level 0.4 Shields
 + Level 6.5 Unarmed Combat
 + Level 0.4 Spellcasting
 + Level 0.2 Conjurations
 + Level 0.2 Hexes
 + Level 0.2 Summonings
 + Level 0.2 Necromancy
 + Level 0.2 Translocations
 + Level 0.2 Transmutations
 + Level 0.2 Fire Magic
 + Level 0.2 Ice Magic
 + Level 0.2 Air Magic
 + Level 0.2 Earth Magic
 + Level 0.2 Poison Magic
 + Level 0.5 Invocations
 + Level 0.4 Evocations
 + Level 6.4 Shapeshifting


You had one spell level left.
You didn't know any spells.
Your spell library was empty.

Dungeon Overview and Level Annotations

Branches:
Dungeon (1/15)

Altars:


Innate Abilities, Weirdness & Mutations

You are a hulking beast.
Your limbs bulge with bestial killing power. (Slay +4)
You have very sharp teeth.
Your uncanny sense of smell can sniff out nearby items.
Your experience applies equally to all skills.


Message History

You punch the giant cockroach!
You kill the giant cockroach!
A bat comes into view.
Found a stone staircase leading down.
You see here 14 gold pieces.
You now have 25 gold pieces (gained 14).
Found a scroll labelled XAIXOT JUVIAQ.
The bat attacks as you move away! The bat hits you.
Found a beast talisman.
The bat hits you but does no damage. The bat hits you but does no damage.
You barely miss the bat. The bat hits you but does no damage.
You hit the bat.
You kill the bat!
A gnoll comes into view. It is wielding a +0 spear.
There is a stone staircase leading down here.
A ball python comes into view.
The gnoll shouts!
The ball python hisses angrily.
The ball python bites the plant.
The plant begins to die.
The ball python grabs the plant.
The ball python constricts the plant.
You see here a scroll labelled XAIXOT JUVIAQ.
g - a scroll labelled XAIXOT JUVIAQ The ball python bites the plant.
The plant begins to die.
The ball python constricts the plant.
Something bites the plant.
The plant is constricted.
The gnoll hits the plant with a +0 spear.
The plant begins to die.
Something bites the plant.
The plant is constricted.
There is a stone staircase leading down here.
The gnoll hits the plant with a +0 spear.
The gnoll hits the plant with a +0 spear!
The plant begins to die.
Something hits the plant!
The plant begins to die.
The gnoll barely misses you. The gnoll hits you with a +0 spear.
You barely miss the gnoll. The gnoll completely misses you.
You hit the gnoll but do no damage. The gnoll hits you with a +0 spear.
You closely miss the gnoll. The gnoll hits you with a +0 spear.
You punch the gnoll!
The gnoll is heavily wounded.
The gnoll hits you with a +0 spear!
You die...

# #......... #.# #...##
#........# #.# #...##
###........# #.# #...##
#..........# #◎# #...##
##..........# #.#####...##
#...........####.#.........
##......####...##.#.###...##
#.......>Sgh................
..P$PP...###...####..##...##
.P.....P.# #[.........#...#
.PP.PPgP..(.........#.#...#
SP....PP.###........#....##
.PPP...P.# #........####..#
.PP..PPP.# ###......# ##..#
....PPP..# #......# #.. ∆
####.#.# #.


You could see a gnoll and a ball python.

Vanquished Creatures
  A dart slug (D:1)
  2 giant cockroaches (D:1)
  A hobgoblin (D:1)
  A quokka (D:1)
  A ball python (D:1)
  3 bats (D:1)
  A frilled lizard (D:1)
  2 rats (D:1)
12 creatures vanquished.

Notes
Turn   | Place    | Note
-------+----------+-------------------------------------------
     0 | D:1      | Shayle the Gnoll Shapeshifter began the quest for the Orb.
     0 | D:1      | Reached XP level 1. HP: 17/17 MP: 1/1
   113 | D:1      | Reached XP level 2. HP: 23/23 MP: 2/2
   138 | D:1      | Found a faded altar of an unknown god.
   239 | D:1      | Slain by a gnoll

Illustrated notes

Levels and vault maps discovered:
D:1:      ncdulo_halloftheorcs, layout_basic, dreamdust_ecumenical_altar_grove,
          nicolae_grassy_gnolls

Action                     || total
---------------------------++-------
  Melee: Unarmed           ||    22
         Bite              ||     1
 Armour: Animal skin       ||     5
  Dodge: Dodged            ||    11

Table legend: (Time is in decaauts)
 A = Elapsed time spent in this place.
 B = Non-inter-level travel time spent in this place.
 C = Inter-level travel time spent in this place.
 D = Time resting spent in this place.
 E = Time spent auto-exploring this place.
 F = Levels seen in this place.
 G = Mean time per level.
                   A        B        C        D        E       F      G
               +--------+--------+--------+--------+--------+-----+--------+
         Total |    236 |    236 |      0 |      0 |    123 |   1 |  236.0 |
       Dungeon |    236 |    236 |      0 |      0 |    123 |   1 |  236.0 |
               +--------+--------+--------+--------+--------+-----+--------+

Top non-repeatable levels by time:
     D:1: 236 daAuts
